 Dungeon Crawl Stone Soup version 0.26-a0-854-gdc81c2f471 (console) character file.

Game seed: 7790984151350178700

(classic levelgen) 72853 Duffy the Cleaver (level 15, 88/134 HPs)
             Began as a Palentonga Fighter on Nov 23, 2020.
             Was the Champion of Cheibriados.
             Quit the game on level 2 of the Abyss.
             The game lasted 00:31:42 (26724 turns).

Duffy the Cleaver (Palentonga Fighter)             Turns: 26724, Time: 00:31:42

Health: 88/134     AC: 27    Str: 34    XL:     15   Next: 2%
Magic:  14/22      EV: 14    Int: 30    God:    Cheibriados [******]
Gold:   1668       SH: 15    Dex: 25    Spells: 14/14 levels left

rFire    + . .     SeeInvis +   a - +7 broad axe (flame)
rCold    + . .     Faith    .   P - +1 kite shield {AC+3}
rNeg     + . .     Spirit   +   Q - +2 plate armour {MR+}
rPois    +         Reflect  .   u - +1 helmet of Viopru {rElec rPois rN+}
rElec    +         Harm     .   f - scarf {rC+ rF+}
rCorr    .         Rampage  .   N - +2 pair of gloves
MR       ++...                  (no barding)
Stlth    ..........             v - amulet of guardian spirit
HPRegen  0.32/turn              o - ring of poison resistance
MPRegen  0.18/turn              O - +4 ring of protection

@: very slow
A: large, rugged brown scales 3, see invisible, deformed body, roll 1, armoured
tail, reflexive curl
a: Rolling Charge, Bend Time, Temporal Distortion, Slouch, Step From Time,
Renounce Religion


You were on level 2 of the Abyss.
You worshipped Cheibriados.
Cheibriados was exalted by your worship.
You visited 4 branches of the dungeon, and saw 19 of its levels.
You visited the Abyss 1 time.
You also visited: Gauntlet.

You collected 2907 gold pieces.
You spent 1239 gold pieces at shops.

Inventory:

Hand Weapons
 a - a +7 broad axe of flaming (weapon)
 H - a +1 broad axe of electrocution
Missiles
 K - a throwing net
 U - 11 curare-tipped darts (quivered)
 V - 14 silver javelins
Armour
 c - a scarf of harm
 f - a scarf of resistance (worn)
 u - the +1 helmet of Viopru (worn) {rElec rPois rN+}
   (You found it in a Gauntlet)

   It insulates you from electricity.
   It protects you from poison.
   It protects you from negative energy.
 I - a +0 cloak
 N - a +2 pair of gloves (worn)
 P - a +1 kite shield of protection (worn)
 Q - a +2 plate armour of magic resistance (worn)
Magical Staves
 r - an uncursed staff of air {!a}
Jewellery
 o - a ring of poison resistance (left hand)
 v - an amulet of guardian spirit (around neck)
 z - an uncursed ring of flight
 G - the ring "Cituqaf" {Ice rPois MR- Slay+2}
   (You found it in a Gauntlet)

   [ring of ice]

   It enhances your ice magic.
   It affects your accuracy and damage with ranged weapons and melee attacks
   (+2).
   It makes you vulnerable to fire.
   It protects you from cold.
   It protects you from poison.
   It affects your resistance to hostile enchantments.
 O - a +4 ring of protection (right hand)
 R - an uncursed ring of fire
Wands
 k - a wand of enslavement (6)
 n - a wand of flame (14)
 t - a wand of digging (9)
 T - a wand of polymorph (19)
 W - a wand of acid (13)
 Y - a wand of paralysis (7)
Scrolls
 b - 2 scrolls of identify
 g - 5 scrolls of enchant armour
 l - a scroll of enchant weapon
 m - 4 scrolls of immolation
 q - a scroll of fog
 w - 2 scrolls of magic mapping
 y - 2 scrolls of fear
 D - 6 scrolls of remove curse
 F - 3 scrolls of blinking
 J - 2 scrolls of teleportation
Potions
 d - a potion of might
 e - 9 potions of ambrosia
 h - 4 potions of curing
 i - 2 potions of brilliance
 j - 2 potions of magic
 p - 3 potions of lignification
 s - 2 potions of resistance
 x - 3 potions of flight
 A - a potion of mutation
 B - a potion of invisibility
 E - 2 potions of attraction
 M - 2 potions of heal wounds
Miscellaneous
 C - a lightning rod (4/4)
 Z - a condenser vane


   Skills:
 - Level 10.0 Fighting
 + Level 12.5 Axes
 - Level 10.0 Armour
 - Level 10.0 Dodging
 - Level 9.0 Shields
 + Level 10.4 Invocations
 - Level 6.0 Evocations


You had 14 spell levels left.
You didn't know any spells.
Your spell library contained the following spells:

 Spells                   Type           Power        Failure   Level
 Beastly Appendage        Tmut           #.....       50%         1
 Corona                   Hex            #......      50%         1
 Magic Dart               Conj           #...         50%         1
 Sting                    Tmut/Pois      #...         50%         1
 Blink                    Tloc           N/A          63%         2
 Call Imp                 Summ           #.......     63%         2
 Poisonous Vapours        Pois/Air       #.....       63%         2
 Searing Ray              Conj           #.....       63%         2
 Slow                     Hex            #.......     63%         2
 Wereblood                Tmut           #.......     63%         2
 Confusing Touch          Hex            #.......     86%         3
 Conjure Flame            Conj/Fire      #.......     86%         3
 Dazzling Flash           Conj/Hex       #.....       86%         3
 Gell's Gravitas          Tloc           #.........   86%         3
 Inner Flame              Hex/Fire       #.......     86%         3
 Mephitic Cloud           Conj/Pois/Air  #.......     86%         3
 Portal Projectile        Hex/Tloc       #.....       86%         3
 Spider Form              Tmut/Pois      #.........   86%         3
 Cause Fear               Hex            #.........   99%         4
 Fulminant Prism          Conj/Hex       #.........   99%         4
 Hailstorm                Conj/Ice       #.......     99%         4
 Ice Form                 Ice/Tmut       #.......     99%         4
 Iskenderun's Mystic Bla  Conj/Tloc      #.......     99%         4
 Leda's Liquefaction      Hex/Erth       #.........   99%         4
 Olgreb's Toxic Radiance  Pois           #.......     99%         4
 Petrify                  Tmut/Erth      #.......     99%         4
 Blade Hands              Tmut           #.........   100%        5
 Irradiate                Conj/Tmut      #.........   100%        5
 Metabolic Englaciation   Hex/Ice        #.........   100%        5
 Yara's Violent Unravell  Hex/Tmut       #.........   100%        5
 Hydra Form               Tmut           #.........   100%        6
 Simulacrum               Ice/Necr       #.........   100%        6
 Statue Form              Tmut/Erth      #........    100%        6
 Dragon Form              Tmut           #.........   100%        7
 Disjunction              Tloc           #.........   100%        8
 Ignition                 Fire           #.........   100%        8


Dungeon Overview and Level Annotations

Branches:
Dungeon (10/15)            Temple (1/1) D:5            Lair (6/6) D:9
 Shoals (0/4) Lair:3        Snake (0/4) Lair:4        Slime (0/5) Lair:6
    Orc (2/2) D:10            Elf (0/3) Orc:2       Gauntlet (visited)

Altars:
Ashenzari
Cheibriados
Dithmenos
Elyvilon
Fedhas
Gozag
Hepliaklqana
Kikubaaqudgha
Makhleb
Nemelex Xobeh
Okawaru
Qazlal
Ru
Sif Muna
Trog
Uskayaw
Vehumet
Wu Jian
Xom
Yredelemnul
Zin
The Shining One
Beogh
Jiyva

Shops:
Orc:2 (:*[

Annotations:
Lair:3 1 runed translucent door, Warom's ghost, journeyman MiFi
Lair:4 exclusion: oklob plant
Orc:1 exclusion: 2 orc wizards
Orc:2 P0WERM0DE's ghost, journeyman DDFi


Innate Abilities, Weirdness & Mutations

You are completely covered in rugged brown scales. (AC +3, +7% HP)
You have supernaturally acute eyesight. (SInv)
Armour fits poorly on your strangely shaped body.
You can roll at nearby foes to attack.
You have a long armoured tail.
You curl defensively after being hit.


Message History

Your plate armour prevents you from hitting P0WERM0DE's ghost.
P0WERM0DE's ghost is lightly damaged.
You barely miss the orc warrior. You block P0WERM0DE's ghost's attack.
You block the orc warrior's attack.
You slash P0WERM0DE's ghost! You burn P0WERM0DE's ghost.
Your tail-slap misses P0WERM0DE's ghost.
P0WERM0DE's ghost is lightly damaged.
You closely miss the orc warrior.
The orc no longer looks unusually strong.
P0WERM0DE's ghost barely misses you. You block the orc warrior's attack.
P0WERM0DE's ghost hits you but does no damage.
You are cast into the Abyss!
To return, you must find a gate leading back.
Killing monsters will force the Abyss to allow you passage.
You feel Cheibriados slowing down the madness of this place.
This branch contains the abyssal rune of Zot.
Found 47 gold pieces and a scale mail.
Found a corrupted altar of Lugonu.
A small abomination comes into view.
A small abomination is nearby!
Are you sure you want to abandon this character and quit the game? (Confirm with "yes".)

.. .....##. ...
.....#.#
#..####......#.
.........[.....
...#..#......
..8#..#....###.
#..#...\....
#.#...##.#..
#.'.@...$...
...#.'....###..
....#.'....#
... #......# ..
.....x.#. .
8#......_##
.#........#
..........


You could see a small abomination.

Vanquished Creatures
  Rupert (Lair:5)
  An orc warlord (Orc:2)
  A dire elephant (Lair:6)
  A minotaur (Gauntlet)
  Erolcha (Orc:2)
  6 hydras
  Fannar (D:10)
  Erica (D:9)
  2 boulder beetles
  A merfolk avatar (Lair:6)
  A tengu warrior (D:9)
  6 death yaks
  3 orc high priests (Orc:2)
  Urug (Orc:2)
  Sonja (Lair:2)
  2 sea snakes (Lair:6)
  2 wizards (Gauntlet)
  2 harpies (Lair:6)
  6 orc knights (Orc:2)
  The ghost of hemabe71 the Charlatan, a novice HuAr of Makhleb (D:6)
  5 orc sorcerers
  16 elephants
  A worldbinder (Gauntlet)
  4 black mambas
  A merfolk siren (Lair:3)
  8 cane toads
  Maggie (D:6)
  An efreet (Gauntlet)
  7 rime drakes
  5 komodo dragons
  5 trolls
  A queen bee (Lair:3)
  5 hornets
  7 polar bears (Lair:6)
  Prince Ribbit (D:5)
  30 blink frogs
  Sigmund (D:4)
  A shadow (D:7)
  2 wyverns
  41 yaks
  5 basilisks
  A steam dragon (D:7)
  2 fire elementals (Gauntlet)
  4 wargs
  Edmund (D:4)
  2 insubstantial wisps (D:7)
  3 hell hounds (Gauntlet)
  Duvessa (D:4)
  17 water moccasins
  An ice beast (D:7)
  A phantom (D:4)
  30 orc warriors
  3 black bears
  4 sky beasts
  A necrophage (D:9)
  2 boggarts (Gauntlet)
  19 wolves
  6 ogres
  4 centaurs
  A big kobold (D:7)
  13 bullfrogs
  Dowan (D:4)
  3 scorpions
  33 killer bees
  10 wights
  2 electric eels
  A howler monkey (D:5)
  A centaur zombie (D:7)
  A bullfrog zombie (D:5)
  3 hounds
  A jelly (D:6)
  10 orc priests
  14 orc wizards
  2 bullfrog skeletons
  A centaur skeleton (D:7)
  Terence (D:1)
  3 iguanas
  12 hell rats
  9 worker ants
  A hound zombie (D:5)
  A hound skeleton (D:7)
  A worker ant zombie (D:5)
  15 gnolls
  6 adders
  2 shadow imps (Gauntlet)
  4 white imps
  3 ufetubi
  3 oozes (D:3)
  2 worms
  2 leopard geckos
  61 orcs
  3 giant cockroaches
  A goblin (D:1)
  7 hobgoblins
  21 jackals
  7 quokkas
  6 bats
  6 frilled lizards
  11 kobolds
  2 quokka zombies
  5 rats
583 creatures vanquished.

Vanquished Creatures (collateral kills)
  A water moccasin (D:9)
  An iguana (D:9)
2 creatures vanquished.

Vanquished Creatures (others)
  A two-headed ogre (D:9)
  38 fungi
  84 plants
123 creatures vanquished.

Grand Total: 708 creatures vanquished

Notes
Turn   | Place    | Note
-------+----------+-------------------------------------------
     0 | D:1      | Duffy the Palentonga Fighter began the quest for the Orb.
     0 | D:1      | Reached XP level 1. HP: 20/20 MP: 1/1
   121 | D:1      | Reached XP level 2. HP: 24/27 MP: 2/2
   503 | D:1      | Reached XP level 3. HP: 33/33 MP: 3/3
   614 | D:2      | Noticed Terence
   696 | D:1      | Killed Terence
   697 | D:1      | Reached skill level 3 in Axes
  1058 | D:2      | Reached XP level 4. HP: 40/40 MP: 4/4
  2637 | D:3      | Reached XP level 5. HP: 44/48 MP: 5/5
  2763 | D:3      | Reached skill level 4 in Axes
  3431 | D:4      | Reached XP level 6. HP: 43/54 MP: 6/6
  3517 | D:4      | Reached skill level 5 in Axes
  3674 | D:4      | Noticed Sigmund
  3691 | D:4      | Killed Sigmund
  3692 | D:4      | Reached skill level 5 in Shields
  3692 | D:4      | Gained mutation: You curl defensively after being hit.
                  | [Palentonga growth]
  3692 | D:4      | Reached XP level 7. HP: 54/60 MP: 7/7
  3812 | D:4      | Noticed Edmund
  3825 | D:4      | Killed Edmund
  3826 | D:4      | Reached skill level 6 in Axes
  4212 | D:4      | Noticed Dowan
  4213 | D:4      | Noticed Duvessa
  4258 | D:4      | Killed Duvessa
  4701 | D:4      | Killed Dowan
  4828 | D:4      | Found a sacrificial altar of Ru.
  5021 | D:5      | Entered Level 5 of the Dungeon
  5057 | D:5      | Reached XP level 8. HP: 67/67 MP: 8/8
  5181 | D:5      | Reached skill level 7 in Axes
  5219 | D:5      | Found the +5 robe of Misfortune {*Contam Harm *Corrode
                  | *Drain *Slow EV+5}
  5293 | D:5      | You fall into a shaft and drop 3 floors!
  5660 | D:5      | Found a staircase to the Ecumenical Temple.
  5871 | Temple   | Entered the Ecumenical Temple
  6032 | Temple   | Became a worshipper of Cheibriados the Contemplative
  6137 | D:6      | Found a runed translucent door.
  6140 | D:6      | Noticed hemabe71's ghost (novice HuAr)
  6215 | D:6      | Noticed Maggie
  6243 | D:6      | Killed Maggie
  6244 | D:6      | Reached skill level 8 in Axes
  6779 | D:5      | Reached * piety under Cheibriados
  7087 | D:5      | Noticed Prince Ribbit
  7435 | D:6      | Found Rettuj's Magic Scroll Emporium.
  7441 | D:6      | Bought a scroll of blinking for 97 gold pieces
  7441 | D:6      | Bought a scroll of identify for 26 gold pieces
  7441 | D:6      | Bought a scroll of identify for 26 gold pieces
  7441 | D:6      | Bought a scroll of identify for 26 gold pieces
  7441 | D:6      | Bought a scroll of identify for 26 gold pieces
  7441 | D:6      | Bought a scroll of identify for 26 gold pieces
  7493 | D:7      | Reached skill level 1 in Invocations
  7763 | D:7      | Reached XP level 9. HP: 67/73 MP: 7/10
  8761 | D:8      | Reached ** piety under Cheibriados
  8824 | D:8      | Reached skill level 9 in Axes
  9482 | D:9      | Noticed a two-headed ogre
  9753 | D:8      | Killed a yak
  9754 | D:8      | Reached skill level 5 in Invocations
  9932 | D:8      | Reached XP level 10. HP: 68/82 MP: 11/14
 10196 | D:9      | Found a staircase to the Lair.
 10251 | D:9      | Reached skill level 10 in Axes
 10255 | D:9      | Reached *** piety under Cheibriados
 11005 | D:9      | Noticed Erica
 11121 | D:9      | Noticed a tengu warrior
 11142 | D:9      | Killed a tengu warrior
 11210 | D:9      | Killed Erica
 11211 | D:9      | Reached skill level 1 in Dodging
 11698 | D:7      | Noticed a boulder beetle
 11824 | D:7      | Killed a boulder beetle
 11907 | D:7      | Identified the +7 lajatang of Judgement {drain, rPois}
 11919 | D:7      | Reached XP level 11. HP: 68/89 MP: 11/17
 12217 | D:7      | Identified the Papyrus of Congealing Toxins
 12441 | D:7      | Reached **** piety under Cheibriados
 12975 | D:5      | Found a staircase to the Ecumenical Temple.
 13542 | D:5      | Killed Prince Ribbit
 13708 | D:6      | Killed hemabe71's ghost
 13709 | D:6      | Reached skill level 5 in Fighting
 13809 | D:10     | Entered Level 10 of the Dungeon
 14096 | D:10     | Got a slimy ring mail
 14159 | D:10     | Noticed Fannar
 14174 | D:10     | Killed Fannar
 14283 | D:10     | Reached skill level 5 in Armour
 14867 | D:10     | Found a staircase to the Orcish Mines.
 15138 | Lair:1   | Entered Level 1 of the Lair of Beasts
 15850 | Lair:1   | Reached ***** piety under Cheibriados
 15995 | Lair:1   | Noticed an eight-headed hydra
 16006 | Lair:1   | Killed a three-headed hydra
 16095 | Lair:1   | Reached XP level 12. HP: 91/103 MP: 15/18
 16313 | Lair:1   | Noticed an eight-headed hydra
 16324 | Lair:1   | Killed a four-headed hydra
 16325 | Lair:1   | Reached skill level 5 in Dodging
 16828 | Lair:2   | Noticed a seven-headed hydra
 16844 | Lair:2   | Killed a four-headed hydra
 16893 | Lair:2   | Noticed a death yak
 16893 | Lair:2   | Noticed a death yak
 16894 | Lair:2   | Noticed a death yak
 16894 | Lair:2   | Noticed a death yak
 16894 | Lair:2   | Noticed a death yak
 16894 | Lair:2   | Noticed a death yak
 16899 | Lair:2   | Noticed a six-headed hydra
 16901 | Lair:2   | Found a gate leading to a gauntlet.
 16907 | Lair:2   | Noticed Sonja
 16908 | Gauntlet | Entered a Gauntlet
 16908 | Gauntlet | Found a runed translucent door.
 16908 | Gauntlet | Found a transporter.
 16908 | Gauntlet | Found a runed translucent door.
 16908 | Gauntlet | Found a transporter.
 16912 | Gauntlet | Noticed a death scarab
 17111 | Gauntlet | Found a transporter.
 17123 | Gauntlet | Found a transporter.
 17141 | Gauntlet | Found a transporter.
 17141 | Gauntlet | Found a transporter.
 17143 | Gauntlet | Found a transporter.
 17143 | Gauntlet | Found a transporter.
 17144 | Gauntlet | Found a transporter.
 17155 | Gauntlet | Found a transporter.
 17171 | Gauntlet | Found a transporter.
 17180 | Gauntlet | Found a runed translucent gate.
 17181 | Gauntlet | Found a transporter.
 17181 | Gauntlet | Found a runed translucent gate.
 17182 | Gauntlet | Found a runed translucent gate.
 17195 | Gauntlet | Found a transporter.
 17215 | Gauntlet | Found a transporter.
 17278 | Gauntlet | Noticed an ironheart preserver
 17281 | Gauntlet | Noticed an ironheart preserver
 17281 | Gauntlet | Noticed an ironheart preserver
 17627 | Gauntlet | Got a pitted helmet
 17633 | Gauntlet | Identified the +1 helmet of Viopru {rElec rPois rN+} (You
                  | found it in a Gauntlet)
 17696 | Gauntlet | Got a flickering glass ring
 17698 | Gauntlet | Identified the ring "Cituqaf" {Ice rPois MR- Slay+2} (You
                  | found it in a Gauntlet)
 17732 | Gauntlet | Noticed a minotaur
 17905 | Gauntlet | Killed a minotaur
 17996 | Gauntlet | Identified the +1 ring mail of Burnt Curiosity {Rampage
                  | rElec rCorr Dex-5} (You found it on level 10 of the
                  | Dungeon)
 18297 | Lair:2   | Killed Sonja
 18430 | Lair:3   | Reached skill level 1 in Evocations
 18922 | Lair:3   | Got a bloodstained chain mail
 18924 | Lair:3   | Got an ebony shortbow
 18946 | Lair:3   | Reached XP level 13. HP: 114/115 MP: 19/19
 18956 | Lair:3   | Found a staircase to the Shoals.
 19087 | Lair:3   | Found a runed translucent door.
 19092 | Lair:3   | Noticed Warom's ghost (journeyman MiFi)
 20060 | Lair:3   | Identified the cursed +0 chain mail of Untruth {rPois rF+}
                  | (You found it on level 3 of the Lair of Beasts)
 21091 | D:6      | Bought a scroll of acquirement for 676 gold pieces
 21091 | D:6      | Acquired 350 gold pieces
 21092 | D:6      | Acquired 751 gold pieces
 21094 | D:6      | Bought a scroll of immolation for 45 gold pieces
 21094 | D:6      | Bought a scroll of blinking for 97 gold pieces
 21094 | D:6      | Bought a scroll of enchant armour for 97 gold pieces
 21094 | D:6      | Bought a scroll of enchant weapon for 97 gold pieces
 21499 | Lair:2   | Reached skill level 10 in Armour
 22286 | Lair:4   | Found a staircase to the Snake Pit.
 22472 | Lair:4   | Reached skill level 10 in Fighting
 22472 | Lair:4   | Reached skill level 5 in Evocations
 22913 | Lair:5   | Reached ****** piety under Cheibriados
 22958 | Lair:5   | Noticed Rupert
 22966 | Lair:5   | Killed Rupert
 22967 | Lair:5   | Reached XP level 14. HP: 129/129 MP: 20/20
 23644 | Lair:6   | Entered Level 6 of the Lair of Beasts
 23835 | Lair:6   | Reached skill level 11 in Axes
 24585 | Lair:6   | Identified The Last Volume of the Archmage
 24788 | Lair:6   | Found a viscous altar of Jiyva.
 24788 | Lair:6   | Found a staircase to the Slime Pits.
 25011 | Orc:1    | Entered Level 1 of the Orcish Mines
 25284 | Orc:1    | Found a shimmering blue altar of Sif Muna.
 25415 | Orc:2    | Entered Level 2 of the Orcish Mines
 25587 | Orc:2    | Found Guzauxt's Antique Armour Shoppe.
 25769 | Orc:2    | Reached skill level 12 in Axes
 25821 | Orc:2    | Noticed P0WERM0DE's ghost (journeyman DDFi)
 25821 | Orc:2    | Found a runed translucent gate.
 25822 | Orc:2    | Identified the +5 lajatang "Conservator" {pain, *Corrode
                  | Str+5}
 25822 | Orc:2    | Identified the +2 plate armour of Proximity {Harm rPois rC-
                  | Int+7}
 25822 | Orc:2    | Found a runed translucent gate.
 25823 | Orc:2    | Found a roughly hewn altar of Beogh.
 25823 | Orc:2    | Found a runed translucent gate.
 25828 | Orc:2    | Found a staircase to the Elven Halls.
 25943 | Orc:2    | Found Simom's Book Emporium.
 25943 | Orc:2    | Noticed an orc warlord
 25951 | Orc:2    | Killed an orc warlord
 25951 | Orc:2    | Noticed Erolcha
 25959 | Orc:2    | Noticed Urug
 25959 | Orc:2    | Killed Erolcha
 25960 | Orc:2    | Reached skill level 10 in Invocations
 25969 | Orc:2    | Reached skill level 10 in Dodging
 26328 | Orc:2    | Found Ybaottyrgh's General Store.
 26342 | Orc:2    | Killed Urug
 26381 | Orc:2    | Found Lezeekia's Antique Weapon Emporium.
 26713 | Orc:2    | Reached XP level 15. HP: 102/134 MP: 16/22
 26718 | Orc:2    | Cast into level 2 of the Abyss (P0WERM0DE's ghost)
 26718 | Abyss:2  | Found a corrupted altar of Lugonu.
 26724 | Abyss:2  | Quit the game

Illustrated notes

Levels and vault maps discovered:
D:1:      saegor_arrival_simple_a, layout_rooms
D:2:      layout_loops_corners, uniq_terence
D:3:      layout_basic, serial_bayou_ford_a
D:4:      layout_loops_cross, hex_medium, grunt_ministairs_12,
          nicolae_ru_path_of_blood, uniq_duvessa, uniq_sigmund, uniq_edmund
D:5:      layout_loops_corners, temple_doors_e, palyth_stone_intersect,
          uniq_prince_ribbit1
D:6:      layout_rooms, serial_shops, nicolae_shop_crystal,
          hellmonk_ghost_happy_afterlife, uniq_maggie
D:7:      minmay_the_grid_octo_2x2 [minmay_the_grid_octo_checkerflower,
          minmay_the_grid_octo_tetromino_candy, minmay_the_grid_octo_chip,
          minmay_the_grid_octo_prize_square_snowflake], layout_basic,
          enter_ossuary_2, hangedman_misty_isle
D:8:      black_bear_nest_2, layout_rooms, minivault_25
D:9:      layout_rooms, minmay_lair_entry_grove, uniq_erica
D:10:     layout_roguey, erik_orc_2, uniq_fannar
Temple:   minmay_crystal_snake_temple
Lair:1:   layout_cave_pods
Lair:2:   layout_hall_layers, gauntlet_entry_generic, uniq_sonja
Lair:3:   layout_roguey [special_room_bee], elwin_shoals_entry_rooms,
          ebering_ghost_reflecting_pool, beast_lair_carwin_7, lemuel_fruit_tree
Lair:4:   layout_regular_city, dummy_snake_entry,
          nicolae_lair_grove_arrangements
Lair:5:   layout_big_grid, uniq_rupert
Lair:6:   gammafunk_lair_ancient_temple, layout_gridlike,
          dpeg_slime_entry_enclosed_altar, grunt_forest_small_clearings
Orc:1:    layout_caves, serial_shops, nicolae_shop_crystal, led_sif_book
Orc:2:    grunt_orc_gardens, layout_caves, grunt_orc_garden, grunt_orc_garden,
          grunt_orc_garden, grunt_orc_garden, biasface_ghost_orc_armoury,
          uniq_erolcha, uniq_urug
Abyss:2:  base:
Lair:1

Skill      XL: |  1  2  3  4  5  6  7  8  9 10 11 12 13 14 |
---------------+-------------------------------------------+-----
Shields        | 3 4 5 6 7 8 9 |  9.0
Axes           | 3 4 5 6 8 9 10 12 | 12.5
Invocations    | 1 5 9 10 | 10.4
Dodging        | 2 4 6 8 10 | 10.0
Fighting       | 4 6 8 10 | 10.0
Armour         | 3 6 9 10 | 10.0
Evocations     | 1 5 6 |  6.0

Action                   |  1- 3 |  4- 6 |  7- 9 | 10-12 | 13-15 || total
-------------------------+-------+-------+-------+-------+-------++-------
Melee: War axe           |    93 |    81 |   261 |   574 |       ||  1009
       Tailslap          |    10 |    15 |    82 |   154 |   146 ||   407
       Whip              |       |    31 |   280 |     1 |       ||   312
       Scimitar          |       |       |       |    21 |     5 ||    26
       Broad axe         |       |       |       |   182 |   569 ||   751
Throw: Dart              |       |       |       |    34 |     3 ||    37
Invok: Bend Time         |       |       |       |     3 |     2 ||     5
       Temporal Distorti |       |       |       |     2 |     3 ||     5
       Slouch            |       |       |       |     3 |       ||     3
 Abil: Rolling Charge    |       |     2 |     1 |     3 |       ||     6
       Stop Flying       |       |       |       |       |     1 ||     1
       Evoke Flight      |       |       |       |       |     1 ||     1
Evoke: Wand              |       |       |     1 |    24 |       ||    25
  Use: Scroll            |       |     5 |    12 |     9 |    22 ||    48
       Potion            |       |       |       |     2 |       ||     2
 Stab: Paralysed         |       |       |       |     1 |       ||     1
Armor: Scale mail        |    49 |       |       |       |       ||    49
       Ring mail         |    16 |    39 |    10 |       |       ||    65
       Leather armour    |       |       |   104 |       |       ||   104
       Steam dragon scal |       |       |    73 |    57 |       ||   130
       Plate armour      |       |       |       |   440 |   345 ||   785
Dodge: Dodged            |    31 |    25 |   177 |   301 |   326 ||   860
Block: Kite shield       |    63 |    50 |   310 |   774 |   577 ||  1774
       Rpst.: Scimitar   |       |       |       |     2 |     1 ||     3

Table legend: (Time is in decaauts)
 A = Elapsed time spent in this place.
 B = Non-inter-level travel time spent in this place.
 C = Inter-level travel time spent in this place.
 D = Time resting spent in this place.
 E = Time spent auto-exploring this place.
 F = Levels seen in this place.
 G = Mean time per level.
                   A        B        C        D        E       F      G
               +--------+--------+--------+--------+--------+-----+--------+
         Total |  34259 |  31961 |   2298 |   1054 |  24876 |  21 | 1631.4 |
       Dungeon |  17728 |  16607 |   1121 |    867 |  12357 |  10 | 1772.8 |
        Temple |    203 |    154 |     49 |      0 |    153 |   1 |  203.0 |
          Lair |  12600 |  11494 |   1106 |     84 |   9576 |   6 | 2100.0 |
  Orcish Mines |   2408 |   2387 |     21 |      0 |   1985 |   2 | 1204.0 |
         Abyss |      6 |      6 |      0 |      0 |      3 |   1 |    6.0 |
      Gauntlet |   1311 |   1311 |      0 |    103 |    801 |   1 | 1311.0 |
               +--------+--------+--------+--------+--------+-----+--------+

Top non-repeatable levels by time:
  Lair:3: 3273 daAuts
     D:5: 2622 daAuts
     D:8: 2613 daAuts
  Lair:1: 2493 daAuts
     D:7: 2433 daAuts
     D:9: 1996 daAuts
  Lair:6: 1854 daAuts
    D:10: 1827 daAuts
  Lair:4: 1776 daAuts
  Lair:2: 1668 daAuts
     D:4: 1629 daAuts
  Lair:5: 1533 daAuts
     D:2: 1369 daAuts
     D:3: 1332 daAuts
Gauntlet: 1311 daAuts
